 Dungeon Crawl Stone Soup version 0.26-a0-784-g51bffae0b1 (webtiles) character file.

Game seed: 12315042892149488135

7 Majang the Vexing (level 2, -2/23 HPs)
             Began as a Gnoll Wanderer on Nov 10, 2020.
             Slain by Natasha (7 damage)
             ... on level 2 of the Dungeon.
             The game lasted 00:02:19 (231 turns).

Majang the Vexing (Gnoll Wanderer)                   Turns: 231, Time: 00:02:20

Health: -2/23      AC:  2    Str: 12    XL:     2   Next: 0%
Magic:  7/7        EV: 13    Int: 15    God:
Gold:   17         SH:  0    Dex: 15    Spells: 10/10 levels left

rFire    . . .     SeeInvis .   a - +2 falchion
rCold    . . .     Faith    .   (no shield)
rNeg     . . .     Spirit   .   d - +0 robe
rPois    +         Reflect  .   (no helmet)
rElec    .         Harm     .   (no cloak)
rCorr    .         Rampage  .   (no gloves)
MR       .....                  (no boots)
Stlth    +.........             (no amulet)
HPRegen  0.07/turn              f - ring of poison resistance
MPRegen  0.10/turn              i - ring of flight

@: no status effects
A: distributed training, fangs 1, strong nose
a: Evoke Flight


You were on level 2 of the Dungeon.
You visited 1 branch of the dungeon, and saw 2 of its levels.

You collected 17 gold pieces.

Inventory:

Hand Weapons
 a - a +2 falchion (weapon)
Missiles
 e - 67 stones (quivered)
Armour
 d - a +0 robe (worn)
Jewellery
 f - a ring of poison resistance (left hand)
 i - a ring of flight (right hand)
Wands
 c - a wand of random effects (15)
Scrolls
 g - a scroll of amnesia {unknown}
Potions
 b - a potion of lignification
 h - a potion of attraction {unknown}


   Skills:
 + Level 2.4 Fighting
 + Level 0.2 Short Blades
 + Level 2.4 Long Blades
 + Level 0.2 Axes
 + Level 0.2 Maces & Flails
 + Level 0.2 Polearms
 + Level 0.2 Staves
 + Level 0.2 Slings
 + Level 0.2 Bows
 + Level 0.2 Crossbows
 + Level 0.2 Throwing
 + Level 0.2 Armour
 + Level 2.4 Dodging
 + Level 0.2 Stealth
 + Level 0.2 Shields
 + Level 0.2 Unarmed Combat
 + Level 4.9 Spellcasting
 + Level 0.1 Conjurations
 + Level 5.3 Hexes
 + Level 0.1 Summonings
 + Level 0.1 Necromancy
 + Level 0.1 Translocations
 + Level 0.1 Transmutations
 + Level 0.1 Fire Magic
 + Level 0.1 Ice Magic
 + Level 0.1 Air Magic
 + Level 0.1 Earth Magic
 + Level 0.1 Poison Magic
 + Level 0.3 Invocations
 + Level 4.4 Evocations


You had 10 spell levels left.
You didn't know any spells.
Your spell library was empty.

Dungeon Overview and Level Annotations

Branches:
Dungeon (1/15)

Altars:

Annotations:
D:2 Natasha


Innate Abilities, Weirdness & Mutations

Your experience applies equally to all skills.
You have very sharp teeth.
Your uncanny sense of smell can sniff out nearby items.


Message History

You resist with significant effort.
A worm comes into view.
Natasha misses you.
Found 10 gold pieces.
You barely miss Natasha.
Natasha casts a spell.
Natasha closely misses you.
You riposte.
You barely miss Natasha. You hit Natasha but do no damage.
The shadow imp gestures at you. Pain shoots through your body!
Ouch! That really hurt!
Natasha claws you.
You closely miss Natasha. You bite Natasha, but do no damage.
The shadow imp hits you.
* * * LOW HITPOINT WARNING * * *
Natasha closely misses you.
You hit Natasha.
Natasha is moderately wounded.
Natasha claws you!
You die...

#.#..# #≈≈≈ .≈
#†##.## #≈≈≈ ..
#†##... #≈≈. ♣. .≈
#.##### #≈..
♣.♣♣...≈###### #≈..
♣$∆.♣...≈#....##
#≈..♣.∆♣..♣..≈#.....#
#≈.hw♣ [.♣...≈#......
#≈..@♣♣.♣♣...≈#......
#≈≈.5..♣....≈≈#......
#≈≈≈.......≈≈≈#......
#≈≈≈≈.....≈≈≈≈#......
#≈≈≈≈≈≈.≈≈≈≈≈≈#......
#######'#######......
#.###..........
#..........)...
#####..[.......


You could see a worm, Natasha and a shadow imp (summoned).

Vanquished Creatures
  A goblin (D:2)
  A hobgoblin (D:2)
  A quokka (D:2)
  2 bats (D:2)
  2 kobolds
7 creatures vanquished.

Notes
Turn   | Place    | Note
-------+----------+-------------------------------------------
     0 | D:1      | Majang the Gnoll Wanderer began the quest for the Orb.
     0 | D:1      | Majang set off with the following items: a +2 falchion, a
                  | potion of lignification, a wand of random effects (15), a
                  | +0 robe
     0 | D:1      | Reached XP level 1. HP: 17/17 MP: 6/6
    41 | D:1      | You fall into a shaft and drop 1 floor!
   174 | D:2      | Reached XP level 2. HP: 23/23 MP: 7/7
   222 | D:2      | Noticed Natasha
   231 | D:2      | Slain by Natasha

Illustrated notes

Levels and vault maps discovered:
D:1:      dpeg_arrival_arbitrary_a, layout_loops_corners, serial_park_tiny_2,
          fountainhead, minmay_cut_off
D:2:      layout_rooms, kennysheep_another_room, minivault_5,
          kennysheep_generic_room_2, uniq_natasha

Action                   || total
-------------------------++-------
Melee: Falchion          ||    18
       Bite              ||     2
Throw: Stone             ||    20
Armor: Robe              ||     2
Dodge: Dodged            ||    12
       Rpst.: Falchion   ||     4

Table legend: (Time is in decaauts)
 A = Elapsed time spent in this place.
 B = Non-inter-level travel time spent in this place.
 C = Inter-level travel time spent in this place.
 D = Time resting spent in this place.
 E = Time spent auto-exploring this place.
 F = Levels seen in this place.
 G = Mean time per level.
                   A        B        C        D        E       F      G
               +--------+--------+--------+--------+--------+-----+--------+
         Total |    234 |    221 |     13 |      0 |     29 |   2 |  117.0 |
       Dungeon |    234 |    221 |     13 |      0 |     29 |   2 |  117.0 |
               +--------+--------+--------+--------+--------+-----+--------+

Top non-repeatable levels by time:
     D:2: 193 daAuts
     D:1: 41 daAuts
